 Seeded DCSS version 0.32-a0-473-gd044c6f0f0 (webtiles) character file.

Game seed: 3342665431591073458 (custom seed)

3267 CougarLife the Geomancer (level 10, -1/50 HPs)
             Began as a Gargoyle Earth Elementalist on Feb 26, 2024.
             Was an Elder of Vehumet.
             Engulfed by a cloud of freezing vapour (22 damage)
             ... on level 7 of the Dungeon.
             The game lasted 00:09:36 (7277 turns).

CougarLife the Geomancer (GrEE)                     Turns: 7277, Time: 00:09:36

Health: -1/50      AC: 13    Str: 12    XL:     10   Next: 0%
Magic:  14/19      EV: 11    Int: 20    God:    Vehumet [****..]
Gold:   296        SH:  0    Dex: 10    Spells: 13/22 levels left

rFire   . . .        C - staff of conjuration
rCold   . . .        (no shield)
rNeg    + . .        a - +0 robe
rPois   ∞            d - +0 helmet
rElec   +            n - +0 cloak
rCorr   +            J - +0 pair of gloves
SInv    .            j - +0 pair of boots
Will    .....        w - amulet of magic regeneration
Stlth   ++           g - ring of resist corrosion
HPRegen 0.28/turn    (no ring)
MPRegen 0.56/turn

%: no passive effects
@: no status effects
A: sickness immunity, AC +7, negative energy resistance 1, electricity
resistance, torment resistance 1, petrification resistance
a: Renounce Religion


You were on level 7 of the Dungeon.
You worshipped Vehumet.
Vehumet was greatly pleased with you.
You visited 2 branches of the dungeon, and saw 8 of its levels.
You also visited: Sewer and Ossuary.

You collected 350 gold pieces.
You spent 54 gold pieces at shops.

Inventory:

Armour
 a - a +0 robe (worn)
 d - a +0 helmet (worn)
 j - a +0 pair of boots (worn)
 n - a +0 cloak (worn)
 D - a +0 kite shield
 J - a +0 pair of gloves (worn)
Magical Staves
 C - a staff of conjuration (weapon)
Jewellery
 g - a ring of resist corrosion (left hand)
 m - a ring of positive energy
 w - an amulet of magic regeneration (around neck)
Scrolls
 c - 6 scrolls of teleportation {unknown}
 f - 2 scrolls of amnesia {unknown}
 i - 10 scrolls of identify {unknown}
 k - a scroll of brand weapon {unknown}
 o - a scroll of acquirement {unknown}
 r - 2 scrolls of blinking {unknown}
 s - a scroll of revelation {unknown}
 t - a scroll of noise {unknown}
 x - 2 scrolls of fear {unknown}
 y - 2 scrolls of immolation {unknown}
 z - a scroll of enchant weapon {unknown}
 A - 3 scrolls of fog {unknown}
 E - a scroll of enchant armour {unknown}
 F - a scroll of vulnerability {unknown}
 G - a scroll of torment {unknown}
 H - a scroll of silence {unknown}
 I - a scroll of poison {unknown}
Potions
 b - 2 potions of magic
 e - 4 potions of heal wounds {unknown}
 h - 3 potions of lignification {unknown}
 l - 6 potions of might {unknown}
 p - 2 potions of degeneration {unknown}
 q - 4 potions of curing {unknown}
 u - 3 potions of invisibility {unknown}
 v - 4 potions of enlightenment {unknown}
 B - 2 potions of haste {unknown}


   Skills:
 - Level 1.5 Dodging
 - Level 2.1 Stealth
 + Level 6.6 Spellcasting
 * Level 8.7 Conjurations
 * Level 4.4 Air Magic
 + Level 9.0 Earth Magic


You had 13 spell levels left.
You knew the following spells:

 Your Spells              Type           Power      Damage    Failure   Level
a - Sandblast             Erth           84%        2d18      1%          1
b - Stone Arrow           Conj/Erth      100%       3d13      1%          3
c - Freezing Cloud        Conj/Ice/Air   18%        6-21      12%         5

Your spell library contained the following spells:

 Spells                   Type           Power      Damage    Failure   Level
 Hailstorm                Conj/Ice       36%        3d9       1%          3
 Shock                    Conj/Air       100%       1d9       1%          1
 Sting                    Conj/Alch      100%       1d9       1%          1
 Passwall                 Erth           42%        N/A       1%          3
 Brom's Barrelling Bould  Conj/Erth      59%        2d7       1%          4
 Swiftness                Air            24%        N/A       4%          3
 Airstrike                Air            12%        2d(2-18)  4%          4
 Apportation              Tloc           12%        N/A       10%         1
 Necrotise                Necr           24%        1d5       10%         1
 Summon Small Mammal      Summ           24%        N/A       10%         1
 Ensorcelled Hibernation  Hex/Ice        12%        N/A       16%         2
 Petrify                  Alch/Erth      24%        N/A       16%         4
 Ignite Poison            Fire/Alch      6%         N/A       24%         4
 Cigotuvi's Dreadful Rot  Necr/Alch/Air  Unusable   N/A       N/A         2

Dungeon Overview and Level Annotations

Branches:
Dungeon (7/15)             Temple (1/1) D:7           Sewer (visited)
Ossuary (visited)

Altars:
Ashenzari
Cheibriados
Dithmenos
Elyvilon
Fedhas
Gozag
Hepliaklqana
Kikubaaqudgha
Makhleb
Nemelex Xobeh
Okawaru
Qazlal
Ru
Sif Muna
Trog
Uskayaw
Vehumet
Wu Jian

Shops:
D:5 [

Annotations:
D:3 3 runed translucent doors, DeathSocks's ghost, weakling TeSu


Innate Abilities, Weirdness & Mutations

You are immune to sickness and miasma.
Your stone body is resilient. (AC +7)
You are immune to poison.
You resist negative energy. (rN+)
You are resistant to electric shocks. (rElec)
You are resistant to unholy torment.
You are immune to petrification.


Message History

Found a scroll labelled HEURERYIMI.
Found a stone staircase leading down.
An orc priest comes into view. It is wielding a +0 dagger.
Casting: Sandblast (safe; 1% risk of failure)
Confirm with . or Enter, or press ? or * to list all spells.
Aiming: Sandblast (safe; 1% risk of failure)
Press: ? - help, Shift-Dir - straight line, f - orc wizard
Aim: an orc wizard, wielding a +0 dagger and wearing a +0 robe (wandering, hasn't noticed you, 81% to hit)
The blast of sand hits the orc wizard but does no damage.
The orc wizard shouts!
The orc priest shouts!
You hear a shout!
The orc priest calls down the wrath of Beogh upon you.
Beogh smites you!
Casting: Sandblast (safe; 1% risk of failure)
Confirm with . or Enter, or press ? or * to list all spells.
Aiming: Sandblast (safe; 1% risk of failure)
Press: ? - help, Shift-Dir - straight line, f/p - orc wizard
Aim: an orc wizard, wielding a +0 dagger and wearing a +0 robe (81% to hit)
The blast of sand hits the orc wizard.
The orc wizard is moderately wounded.
An orc comes into view. It is wielding a +0 dagger.
The orc priest miscasts a cantrip.
The orc wizard casts a spell at you.
You are confused.
You're too confused to cast spells.
Okay, then.
The orc wizard casts a spell at you.
You easily resist.
The orc wizard hits you but does no damage.
The orc priest miscasts a cantrip.
The orc wizard hits you but does no damage.
You hit the orc but do no damage.
You blast the orc.
The orc is heavily wounded.
You feel less confused.
The orc wizard points at you and mumbles some strange words.
The puff of flame hits you!
Casting: Sandblast (safe; 1% risk of failure)
Confirm with . or Enter, or press ? or * to list all spells.
Aiming: Freezing Cloud (quite dangerous; 12% risk of failure)
Press: ? - help, Dir - move target, p - orc wizard You feel a surge of power!
You are engulfed in freezing vapours.
You die...

##.............
................$ ..?
........... >... #.)...# .
...>.###....# .# .
..!..#.....## .. .#
#....o§§....####.##### .#
.....§§o.....##......## .##
.....§o@.[............# ..##
##........$.###......# ....
#......#...##.......###
##.#.#####............# #
###. #..#........... # ..
.....#........... # # #.##
##....#........... ###
.######.###......#......#....
..##..)..#...#............###
.##


You could see an orc priest, an orc wizard and an orc.

Vanquished Creatures
  A two-headed ogre (D:7)
  A hornet (D:7)
  A steam dragon (D:7)
  An ice beast (D:5)
  2 orc warriors
  An ogre (D:4)
  A centaur (D:6)
  2 phantoms
  Blork the orc (D:5)
  4 bullfrogs
  9 scorpions
  A jelly (D:5)
  2 bombardier beetles
  A centaur zombie (Ossuary)
  2 human zombies (Ossuary)
  4 hounds
  An orc priest (D:3)
  Crazy Yiuf (D:2)
  A sleepcap (D:4)
  2 iguanas
  A scorpion zombie (Ossuary)
  Natasha (thrice) (D:2)
  An orc wizard (D:6)
  3 mummies (Ossuary)
  Robin (D:2)
  A river rat (D:6)
  8 adders
  A shadow imp (D:7)
  2 white imps
  2 ufetubi (D:7)
  3 adder zombies (Ossuary)
  2 ribbon worms
  3 dart slugs
  11 orcs
  9 endoplasms
  5 giant cockroaches
  3 gnoll zombies (Ossuary)
  10 goblins
  7 hobgoblins
  4 jackals (D:1)
  4 kobolds
  5 quokkas
  18 ball pythons
  A ball python zombie (Ossuary)
  7 bats
  3 frilled lizards
  4 jackal zombies (Ossuary)
  4 orc zombies (Ossuary)
  33 rats
198 creatures vanquished.

Notes
Turn   | Place    | Note
-------+----------+-------------------------------------------
     0 | D:1      | CougarLife the Gargoyle Earth Elementalist began the quest
                  | for the Orb.
     0 | D:1      | Reached XP level 1. HP: 10/10 MP: 3/3
    75 | D:1      | Reached XP level 2. HP: 15/15 MP: 1/5
   359 | D:1      | Reached skill level 4 in Earth Magic
   640 | D:1      | Reached XP level 3. HP: 19/19 MP: 4/6
   853 | D:1      | Learned a level 3 spell: Stone Arrow
   884 | D:2      | Found a radiant altar of Vehumet.
   892 | D:2      | Became a worshipper of Vehumet
  1198 | D:2      | Noticed Natasha
  1205 | D:2      | Killed Natasha
  1206 | D:2      | Reached XP level 4. HP: 21/24 MP: 3/8
  1373 | D:2      | Noticed Robin
  1395 | D:2      | Killed Robin
  1569 | D:2      | Found a runed translucent door.
  1570 | D:2      | Noticed Crazy Yiuf
  1666 | D:2      | Noticed Natasha
  1667 | D:2      | Killed Natasha
  1755 | D:2      | Noticed Natasha
  1761 | D:2      | Killed Natasha
  1761 | D:2      | Reached * piety under Vehumet
  1761 | D:2      | Offered knowledge of Magic Dart by Vehumet.
  1762 | D:2      | Reached XP level 5. HP: 26/28 MP: 6/9
  1801 | D:2      | Killed Crazy Yiuf
  1802 | D:2      | Reached skill level 5 in Earth Magic
  2099 | D:3      | Reached XP level 6. HP: 27/32 MP: 4/11
  2348 | D:3      | Found a runed translucent gate.
  2349 | D:3      | Found a runed translucent gate.
  2350 | D:3      | Found a runed translucent gate.
  2353 | D:3      | Noticed DeathSocks's ghost (weakling TeSu)
  2578 | D:3      | Found a faded altar of an unknown god.
  2885 | D:4      | Offered knowledge of Momentum Strike by Vehumet.
  2898 | D:4      | Found a sand-covered staircase.
  2902 | Ossuary  | Entered an ossuary
  2963 | Ossuary  | Reached ** piety under Vehumet
  3128 | Ossuary  | Reached skill level 6 in Earth Magic
  3128 | Ossuary  | Reached XP level 7. HP: 36/36 MP: 2/13
  3209 | Ossuary  | Reached skill level 5 in Conjurations
  3490 | Ossuary  | Reached skill level 5 in Spellcasting
  3490 | Ossuary  | Reached XP level 8. HP: 41/41 MP: 7/15
  3597 | Ossuary  | Reached skill level 7 in Earth Magic
  3715 | D:4      | Got the Handbook of Tephra and Chilblains
  4883 | D:5      | Entered Level 5 of the Dungeon
  4982 | D:5      | Found Conizxei's Armour Shoppe.
  5267 | D:5      | Bought a +0 kite shield for 54 gold pieces
  5313 | D:5      | Offered knowledge of Dazzling Flash by Vehumet.
  5361 | D:5      | Noticed Blork the orc
  5366 | D:5      | Killed Blork the orc
  5367 | D:5      | Reached skill level 1 in Air Magic
  5922 | D:6      | Reached skill level 8 in Earth Magic
  5959 | D:6      | Reached XP level 9. HP: 39/45 MP: 16/18
  6041 | D:6      | Reached *** piety under Vehumet
  6056 | D:6      | Found a glowing drain.
  6065 | Sewer    | Entered a sewer
  6131 | Sewer    | Offered knowledge of Inner Flame by Vehumet.
  6442 | D:6      | Reached **** piety under Vehumet
  6719 | D:6      | Found a white marble altar of Elyvilon.
  6925 | D:6      | Learned a level 5 spell: Freezing Cloud
  6964 | D:7      | Offered knowledge of Hailstorm by Vehumet.
  6966 | D:7      | Found a hide-covered altar of Uskayaw.
  6966 | D:7      | Noticed a +0 hand axe
  6967 | D:7      | Noticed a +0 hand axe
  6988 | D:7      | Noticed a hornet
  6991 | D:7      | Killed a hornet
  7070 | D:7      | Found a staircase to the Ecumenical Temple.
  7088 | Temple   | Entered the Ecumenical Temple
  7136 | D:7      | Noticed a two-headed ogre
  7142 | D:7      | Killed a two-headed ogre
  7240 | D:7      | Reached skill level 9 in Earth Magic
  7240 | D:7      | Reached XP level 10. HP: 39/50 MP: 12/19
  7277 | D:7      | Engulfed by a cloud of freezing vapour

Illustrated notes

Levels and vault maps discovered:
D:1:      minmay_arrival_stair_chambers, layout_loops_cross
D:2:      layout_basic, basic_altar, chequers_serial_rivers_marsh, uniq_robin,
          uniq_natasha, uniq_crazy_yiuf_cottage
D:3:      layout_basic, gammafunk_ghost_nasty_kobolds,
          ebering_ecumenical_altar_webs, nrook_mini_vaults, minmay_fountain_box,
          minmay_cupped
D:4:      layout_layer_cave, enter_ossuary_5
D:5:      layout_gridville, serial_shops, shop, uniq_blork_the_orc
D:6:      layout_loops_ring, elyvilon_altar_3, gup_sewer_entry_bubbles
D:7:      layout_cave_pools, dancing_weapons_uskayaw, temple_fountains
Temple:   compressed_dpeg_triangle_lava_temple

Skill      XL: |  1  2  3  4  5  6  7  8  9 |
---------------+----------------------------+-----
Earth Magic    | 4 5 6 8 9 |  9.0
Conjurations   | 2 3 4 5 7 8 |  8.7
Spellcasting   | 3 4 5 6 |  6.6
Air Magic      | 2 4 |  4.4
Dodging        | |  1.5
Stealth        | |  2.1

Action                     |  1- 3 |  4- 6 |  7- 9 | 10-12 || total
---------------------------+-------+-------+-------+-------++-------
  Melee: Mace              |    12 |    13 |    21 |       ||    46
         Staff             |       |       |     7 |     1 ||     8
   Cast: Sandblast         |    38 |    68 |   150 |     7 ||   263
         Stone Arrow       |       |    10 |    23 |       ||    33
         Freezing Cloud    |       |       |     3 |     1 ||     4
 Armour: Robe              |    10 |    35 |   127 |     6 ||   178
  Dodge: Dodged            |    22 |    20 |    83 |       ||   125

Table legend: (Time is in decaauts)
 A = Elapsed time spent in this place.
 B = Non-inter-level travel time spent in this place.
 C = Inter-level travel time spent in this place.
 D = Time resting spent in this place.
 E = Time spent auto-exploring this place.
 F = Levels seen in this place.
 G = Mean time per level.
                   A        B        C        D        E       F      G
               +--------+--------+--------+--------+--------+-----+--------+
         Total |   7498 |   7130 |    368 |    623 |   5008 |  10 |  749.8 |
       Dungeon |   6328 |   5960 |    368 |    237 |   4678 |   7 |  904.0 |
        Temple |      1 |      1 |      0 |      0 |      0 |   1 |    1.0 |
         Sewer |    383 |    383 |      0 |      0 |    279 |   1 |  383.0 |
       Ossuary |    785 |    785 |      0 |    386 |     51 |   1 |  785.0 |
               +--------+--------+--------+--------+--------+-----+--------+

Top non-repeatable levels by time:
     D:4: 1297 daAuts
     D:2: 1055 daAuts
     D:3: 997 daAuts
     D:6: 892 daAuts
     D:5: 881 daAuts
     D:1: 870 daAuts
 Ossuary: 785 daAuts
   Sewer: 383 daAuts
     D:7: 332 daAuts
  Temple: 1 daAuts
